 Dungeon Crawl Stone Soup version 0.28.0 (webtiles) character file.

Game seed: 6515710078642534024

275 Gabide the Insei (level 6, -2/32 HPs)
             Began as a Vine Stalker Monk on Feb 17, 2022.
             Slain by a killer bee (4 damage)
             ... on level 4 of the Dungeon.
             The game lasted 00:07:15 (4264 turns).

Gabide the Insei (Vine Stalker Monk)                Turns: 4264, Time: 00:07:16

Health: -2/32      AC: 11    Str: 13    XL:     6   Next: 25%
Magic:  0/7        EV: 13    Int: 10    God:
Gold:   119        SH:  0    Dex: 19    Spells: 5/5 levels left

rFire   + . .      SeeInvis .     - Unarmed
rCold   + . .      Faith    .   (no shield)
rNeg    . . .      Spirit   +   a - +0 robe
rPois   +          Reflect  .   k - +0 helmet
rElec   +          Harm     .   i - +1 cloak
rCorr   +          Rampage  +   f - +2 pair of gloves
Will    .....                   g - +2 pair of boots {rampage}
Stlth   +++.......              (no amulet)
HPRegen 0.90/turn               (no ring)
MPRegen 0.10/turn               (no ring)

@: resistant, attractive, hasted, very quick
A: fangs 2, regeneration 1, magic shield, antimagic bite, no potion heal 2
a: no special abilities


You were on level 4 of the Dungeon.
You visited 1 branch of the dungeon, and saw 4 of its levels.

You collected 119 gold pieces.

Inventory:

Armour
 a - a +0 robe (worn)
 f - a +2 pair of gloves (worn)
 g - a +2 pair of boots of rampaging (worn)
 i - a +1 cloak (worn)
 k - a +0 helmet (worn)
Wands
 h - a wand of polymorph (10)
Potions
 c - a potion of attraction
 j - a potion of lignification {unknown}


   Skills:
 + Level 3.1 Fighting
 + Level 3.3 Dodging
 + Level 4.3 Stealth
 + Level 5.2 Unarmed Combat


You had 5 spell levels left.
You didn't know any spells.
Your spell library contained the following spells:

 Spells                   Type           Power      Damage    Failure   Level
 Cause Fear               Hex            0%         N/A       98%         4
 Dragon Form              Tmut           0%         N/A       100%        7
 Dragon's Call            Summ           0%         N/A       100%        9


Dungeon Overview and Level Annotations

Branches:
Dungeon (4/15)
 Temple: D:4-7

Altars:
Gozag
Hepliaklqana
Ru

Shops:
D:2 [


Innate Abilities, Weirdness & Mutations

You have extremely sharp teeth.
Your natural rate of healing is unusually fast.
When hurt, damage is shared between your health and your magic reserves.
Your bite disrupts and absorbs the magic of your enemies.
Potions cannot restore your health.


Message History

The killer bee stings you but does no damage.
The killer bee closely misses you.
You feel very sick.
You feel very sick.
You see here 14 gold pieces.
You feel sick. The killer bee closely misses you.
You feel sick. The killer bee stings you. The killer bee closely misses you.
You feel sick. The killer bee barely misses you.
The killer bee closely misses you.
You aren't carrying any scrolls.
It was a potion of attraction.
You feel attractive to monsters.
You feel sick. The killer bee closely misses you.
The killer bee stings you but does no damage.
The killer bee closely misses you. The killer bee barely misses you.
The dart slug is attracted toward you.
You feel sick. The killer bee closely misses you. The killer bee stings you.
The dart slug is attracted toward you.
It was a potion of resistance.
You feel protected.
You feel sick. The killer bee closely misses you. The killer bee stings you.
* * * LOW HITPOINT WARNING * * *
The killer bee stings you.
* * * LOW HITPOINT WARNING * * *
The killer bee misses you.
It was a potion of heal wounds.
That seemed strangely inert.
You feel sick. The killer bee stings you.
* * * LOW HITPOINT WARNING * * *
The killer bee stings you but does no damage.
The killer bee stings you.
* * * LOW HITPOINT WARNING * * *
The killer bee stings you but does no damage.
The dart slug launches a dart at you. The slug dart hits you.
* * * LOW HITPOINT WARNING * * *
It was a potion of haste.
You feel yourself speed up.
You feel sick.
You are no longer poisoned.
The killer bee misses you. The killer bee barely misses you.
The killer bee misses you. The killer bee stings you.
You die...

###.....).)....#
#####...................
#8..#...................
.gg#_......................
...#8..#..................
...######................ #
.............##.......#+###..#
#................w....#.§.....
#.....[.........@y..§..[.#
#.............†..y....#..#
............................
..........##.#....##.##.#.....
.......)...........#..........
...#..†<#.##.#................
##.....)...........#.....#....
#.....<....#.................
##................#.##


You could see 2 killer bees and a dart slug.

Vanquished Creatures
  A killer bee (D:4)
  A centaur skeleton (D:3)
  Robin (D:4)
  8 adders
  3 worms
  4 dart slugs
  7 orcs
  6 ball pythons
  10 endoplasms
  A giant cockroach (D:1)
  17 goblins
  4 hobgoblins (D:3)
  4 jackals (D:1)
  2 quokkas
  10 bats
  3 frilled lizards
  5 kobolds
  9 rats
96 creatures vanquished.

Vanquished Creatures (others)
  A plant (D:1)
1 creature vanquished.

Grand Total: 97 creatures vanquished

Notes
Turn   | Place    | Note
-------+----------+-------------------------------------------
     0 | D:1      | Gabide the Vine Stalker Monk began the quest for the Orb.
     0 | D:1      | Reached XP level 1. HP: 11/11 MP: 2/2
   323 | D:1      | Reached XP level 2. HP: 5/16 MP: 3/3
  1002 | D:1      | Reached XP level 3. HP: 11/20 MP: 1/4
  1249 | D:1      | Found a faded altar of an unknown god.
  2103 | D:2      | Gained mutation: Your natural rate of healing is unusually
                  | fast. [Vine Stalker growth]
  2103 | D:2      | Reached XP level 4. HP: 18/24 MP: 3/5
  2161 | D:2      | Reached skill level 4 in Unarmed Combat
  2781 | D:2      | Found Ukhimifa's Antique Armour Shop.
  3060 | D:3      | Reached XP level 5. HP: 28/28 MP: 6/6
  3210 | D:3      | Found a sacrificial altar of Ru.
  3668 | D:3      | Found a hazy altar of Hepliaklqana.
  3670 | D:3      | Found a faded altar of an unknown god.
  3724 | D:4      | Noticed Robin
  4103 | D:4      | Killed Robin
  4104 | D:4      | Reached skill level 5 in Unarmed Combat
  4110 | D:4      | Reached XP level 6. HP: 12/32 MP: 2/7
  4163 | D:4      | Found an opulent altar of Gozag.
  4264 | D:4      | Slain by a killer bee

Illustrated notes

Levels and vault maps discovered:
D:1:      dpeg_arrival_lava_altar, layout_basic,
          shapermc_ecumenical_altar_acropolis, st_stairs_12
D:2:      wad_river_or_something, layout_basic, serial_shops, shop_fountains,
          supply_closet_lemuel
D:3:      layout_basic, beargit_hepliaklqana_dungeon_heroes,
          nicolae_ru_great_annihilating_truth
D:4:      layout_basic, chequers_temple_overflow_statue_of_worship,
          grunt_gozag_breadcrumbs, uniq_robin

Skill      XL: |  1  2  3  4  5 |
---------------+----------------+-----
Fighting       | 3 |  3.1
Stealth        | 3 4 |  4.3
Unarmed Combat | 4 5 |  5.2
Dodging        | 3 |  3.3

Action                   |  1- 3 |  4- 6 || total
-------------------------+-------+-------++-------
Melee: Unarmed           |    99 |   207 ||   306
       Bite              |    33 |    47 ||    80
       Punch             |     3 |     6 ||     9
  Use: Scroll            |       |     7 ||     7
       Potion            |       |     4 ||     4
 Stab: Sleeping          |     5 |    10 ||    15
       Distracted        |       |     1 ||     1
       Paralysed         |       |     1 ||     1
Armor: Robe              |    21 |    80 ||   101
Dodge: Dodged            |    60 |   165 ||   225
